 Dungeon Crawl Stone Soup version 0.23.2-1-ga50397a (webtiles) character file.

Game seed: 5801049364565673843

280 diana the Skirmisher (level 6, -1/58 HPs)
             Began as a Gargoyle Fighter on May 28, 2019.
             Killed from afar by an orc wizard (7 damage)
             ... with a magic dart
             ... on level 4 of the Dungeon.
             The game lasted 00:03:48 (2796 turns).

diana the Skirmisher (Gargoyle Fighter)             Turns: 2796, Time: 00:03:49

Health: -1/58      AC: 23    Str: 21    XL:     6   Next: 27%
Magic:  6/6        EV:  2    Int:  9    God:
Gold:   192        SH:  9    Dex:  9    Spells: 5/5 levels left

rFire    . . .     SeeInvis .   a - +0 flail
rCold    . . .     Gourm    .   c - +0 shield
rNeg     + + +     Faith    .   (armour currently unavailable)
rPois    ∞         Spirit   .   (helmet currently unavailable)
rElec    .         Reflect  .   (cloak currently unavailable)
rCorr    .         Harm     .   (gloves currently unavailable)
MR       .....     NoTele   +   (boots currently unavailable)
Stlth    +.........             (no amulet)
HPRegen  0.19/turn              (no ring)
MPRegen  0.10/turn              (no ring)

@: tree-form, slowed, very slow
A: negative energy resistance 1, petrification resistance, rot immunity, AC +4
a: no special abilities


You were on level 4 of the Dungeon.
You were very hungry.
You were a tree.
You visited 1 branch of the dungeon, and saw 4 of its levels.

You collected 192 gold pieces.

Inventory:

Hand Weapons
 a - a +0 flail (weapon)
Armour
 b - a +0 scale mail (melded)
 c - a +0 shield (worn)
Scrolls
 g - a scroll of enchant weapon {unknown}
 i - 2 scrolls of blinking {unknown}
 j - a scroll of remove curse {unknown}
 k - 2 scrolls of teleportation {unknown}
 l - a scroll of fog {unknown}
 n - a scroll of enchant armour {unknown}
 o - 3 scrolls of identify {unknown}
 s - a scroll of random uselessness {unknown}
 t - a scroll of fear {unknown}
 u - a scroll of magic mapping {unknown}
Potions
 d - a potion of might
 e - 2 potions of lignification
 h - a potion of heal wounds {unknown}
 m - a potion of cancellation {unknown}
 p - a potion of degeneration {unknown}
 q - a potion of ambrosia {unknown}
 r - a potion of curing {unknown}
 v - a potion of haste {unknown}
Comestibles
 f - 11 rations


   Skills:
 + Level 4.4 Fighting
 + Level 3.2 Maces & Flails
 + Level 4.4 Armour
 + Level 2.0 Dodging
 + Level 4.4 Shields


You had 5 spell levels left.
You didn't know any spells.
Your spell library was empty.

Dungeon Overview and Level Annotations

Branches:
Dungeon (4/15)
 Temple: D:4-7

Altars:
Dithmenos
Kikubaaqudgha
Trog
Yredelemnul


Innate Abilities, Weirdness & Mutations

You are resistant to torment.
((Your stone body is resilient. (AC +4)))
You are immune to poison.
You resist negative energy. (rN+)
((You are resistant to electric shocks. (rElec)))
((You can survive without breathing.))
You are immune to petrification.
You are immune to rotting.


Message History

The orc hits you but does no damage. You block the orc wizard's attack.
The orc priest hits you but does no damage.
You block the orc's attack. The orc hits you but does no damage.
The orc wizard completely misses you. The orc hits you but does no damage.
You are feeling very hungry.
You sock the orc priest!
You kill the orc priest!
Your Dodging skill increases to level 2!
You block the orc wizard's attack. You block the orc's attack.
The orc hits you but does no damage. You block the orc wizard's attack.
The orc hits you but does no damage. x3
You thump the orc!
You kill the orc!
The orc wizard mumbles some strange words.
The orc wizard blinks!
The orc wizard hits you but does no damage.
The orc hits you but does no damage.
The orc wizard gestures at you while chanting.
The magic dart hits you!
You die...

##.#### #.# ......#
#..... #.#### ##.##.#
#..._ #..... ##.# #
#######.... ###### ##)#
.........) # .#.#
.....)...# # .#.#
.........# # .#.#
......§o.###############
...#
......)♣.(..............
#..#
......oo.############.##
#..# .........# #.# #..#
.........# #.# ....
########## #.# #..#. #.#
#.>#.# #.# ##.# # #.#
..#


You could see an orc wizard and 2 orcs.

Vanquished Creatures
  An orc priest (D:4)
  An orc wizard (D:4)
  6 gnolls
  6 adders
  3 worms
  A dart slug (D:1)
  2 leopard geckos
  10 orcs
  7 bats
  3 giant cockroaches
  7 goblins
  9 hobgoblins
  4 jackals
  5 quokkas
  8 frilled lizards
  8 kobolds
  13 rats
94 creatures vanquished.

Vanquished Creatures (others)
  A human (D:2)
1 creature vanquished.

Grand Total: 95 creatures vanquished

Notes
Turn   | Place    | Note
-------+----------+-------------------------------------------
     0 | D:1      | diana the Gargoyle Fighter began the quest for the Orb.
     0 | D:1      | Reached XP level 1. HP: 14/14 MP: 1/1
   126 | D:1      | Reached XP level 2. HP: 18/19 MP: 2/2
   797 | D:2      | Reached XP level 3. HP: 18/23 MP: 3/3
   996 | D:2      | Reached skill level 1 in Dodging
  1211 | D:2      | Reached XP level 4. HP: 29/29 MP: 4/4
  1235 | D:2      | Found a bloodstained altar of Trog.
  1407 | D:2      | Found an ancient bone altar of Kikubaaqudgha.
  1410 | D:2      | Noticed a human
  1411 | D:2      | Killed a human
  1596 | D:2      | Found a basalt altar of Yredelemnul.
  1780 | D:3      | Reached XP level 5. HP: 30/33 MP: 5/5
  2363 | D:4      | Reached XP level 6. HP: 37/39 MP: 6/6
  2785 | D:4      | Found a shadowy altar of Dithmenos.
  2796 | D:4      | Killed from afar by an orc wizard

Skill      XL: |  1  2  3  4  5  6 |
---------------+-------------------+-----
Dodging        | 1 2 |  2.0
Armour         | 4 |  4.4
Shields        | 4 |  4.4
Fighting       | 4 |  4.4
Maces & Flails | 3 |  3.2

Action                   |  1- 3 |  4- 6 || total
-------------------------+-------+-------++-------
Melee: Flail             |   156 |   228 ||   384
  Use: Potion            |       |     1 ||     1
  Eat: Chunk             |     1 |     5 ||     6
Armor: Scale mail        |   138 |   167 ||   305
       Skin              |       |    10 ||    10
Dodge: Dodged            |    68 |   153 ||   221
Block: Shield            |   134 |   183 ||   317
